 Dungeon Crawl Stone Soup version 0.31-a0-971-g75a2e9a4b4 (webtiles) character file.

Game seed: 11191371672838586662

3271 sokol815 the Fighter (level 10, -6/73 HPs)
             Began as an Octopode Brigand on Oct 28, 2023.
             Was an Initiate of Gozag.
             Mangled by a polar bear (14 damage)
             ... on level 7 of the Dungeon.
             The game lasted 00:22:08 (6985 turns).

sokol815 the Fighter (Octopode Brigand)             Turns: 6985, Time: 00:22:09

Health: -6/73      AC: 10    Str: 11    XL:     10   Next: 0%
Magic:  10/10      EV: 17    Int: 18    God:    Gozag
Gold:   520        SH:  5    Dex: 16    Spells: 9/9 levels left

rFire   . . .        a - +2 flail (protect)
rCold   . . .        (no shield)
rNeg    . . .        v - +2 hat {Int+3}
rPois   .            f - amulet of reflection
rElec   .            n - ring of flight {+Fly, !d}
rCorr   .            W - ring of willpower
SInv    .            (no ring)
Will    +....        (no ring)
Stlth   ++++         (no ring)
HPRegen 0.32/turn    (no ring)
MPRegen 0.12/turn    (no ring)
                     (no ring)

%: reflection
@: under a protective aura, flying
A: almost no armour, amphibious, 8 rings, camouflage 1, gelatinous body 1,
(nimble swimmer 1), tentacles
a: Renounce Religion, Potion Petition, Call Merchant, Bribe Branch


You were on level 7 of the Dungeon.
You worshipped Gozag.
Gozag was pleased with you.
You visited 2 branches of the dungeon, and saw 9 of its levels.

You collected 692 gold pieces.
You spent 112 gold pieces at shops.
You paid 60 gold pieces to Gozag.

Inventory:

Hand Weapons
 a - a +2 flail of protection (weapon)
   (You took it off an orc on level 3 of the Dungeon)
 k - a +2 mace of venom
   (You took it off an orc on level 3 of the Dungeon)
 l - a +2 dagger
 r - a +1 dagger of electrocution
   (You took it off Dowan on level 7 of the Dungeon)
 t - a +2 antimagic hand axe
   (You took it off a kobold on level 5 of the Dungeon)
 u - a +1 antimagic spear
   (You took it off a gnoll on level 5 of the Dungeon)
 w - a +0 hand axe of electrocution
   (You took it off an orc on level 6 of the Dungeon)
 H - a +1 dagger of electrocution
   (You found it on level 7 of the Dungeon)
Missiles
 b - 36 poisoned darts
 c - 2 curare-tipped darts
 o - 5 boomerangs
 s - 90 stones
 A - 2 javelins
Armour
 v - a +2 hat of intelligence (worn)
   (You bought it in a shop on level 4 of the Dungeon)
Magical Staves
 C - a staff of cold {rC+}
   (You found it on level 7 of the Dungeon)
Jewellery
 f - an amulet of reflection (around mantle)
   (You found it on level 2 of the Dungeon)
 n - a ring of flight (left tentacle) {+Fly, !d}
   (You found it on level 5 of the Dungeon)
 W - a ring of willpower (right tentacle)
   (You took it off a gnoll bouda on level 7 of the Dungeon)
Talismans
 h - a blade talisman
   (You found it on level 2 of the Dungeon)
 m - a flux talisman
   (You found it on level 3 of the Dungeon)
 D - a maw talisman
   (You found it on level 5 of the Dungeon)
Wands
 j - a wand of polymorph (10)
   (You found it on level 7 of the Dungeon)
 p - a wand of paralysis (12)
   (You found it on level 5 of the Dungeon)
 q - a wand of flame (13)
   (You took it off Duvessa on level 7 of the Dungeon)
 y - a wand of mindburst (8)
   (You took it off a kobold on level 6 of the Dungeon)
 F - a wand of roots (6)
   (You took it off an orc wizard on level 7 of the Dungeon)
Scrolls
 d - 4 scrolls of revelation
 g - 3 scrolls of amnesia
 i - a scroll of torment {!r}
 x - a scroll of fog
 E - a scroll of fear
 G - 2 scrolls of identify {@r1}
Potions
 e - 3 potions of enlightenment
 z - a potion of attraction {!q}
 B - 2 potions of brilliance
 J - 3 potions of curing {@q1}
 M - 2 potions of magic
 N - 3 potions of heal wounds {@q2}
 P - a potion of lignification {!q}


   Skills:
 + Level 8.6 Fighting
 - Level 3.1 Short Blades
 - Level 6.0 Maces & Flails
 - Level 2.0 Throwing
 + Level 8.3 Dodging
 - Level 5.3 Stealth
 * Level 2.4 Ice Magic


You had 9 spell levels left.
You didn't know any spells.
Your spell library contained the following spells:

 Spells                   Type           Power      Damage    Failure   Level
 Apportation              Tloc           0%         N/A       22%         1
 Necrotise                Necr           0%         1d4       22%         1
 Slow                     Hex            0%         N/A       22%         1
 Summon Small Mammal      Summ           0%         N/A       22%         1
 Sublimation of Blood     Necr           0%         N/A       32%         2
 Confusing Touch          Hex            0%         N/A       54%         3
 Sigil of Binding         Hex            0%         N/A       54%         3
 Vampiric Draining        Necr           0%         2d6       54%         3
 Brom's Barrelling Bould  Conj/Erth      0%         2d3       91%         4
 Petrify                  Tmut/Erth      0%         N/A       91%         4
 Fireball                 Conj/Fire      0%         3d3       99%         5
 Irradiate                Conj/Tmut      0%         3d11      99%         5
 Iskenderun's Battlesphe  Conj           0%         2d6       99%         5
 Conjure Ball Lightning   Conj/Air       0%         3x3d6     100%        6
 Orb of Destruction       Conj           0%         9d5       100%        7


Dungeon Overview and Level Annotations

Branches:
Dungeon (8/15) Zot: 26894  Temple (1/1) D:5 Zot: 5977    Lair (0/5) D:8

Altars:
Ashenzari
Cheibriados
Dithmenos
Elyvilon
Fedhas
Gozag
Hepliaklqana
Kikubaaqudgha
Makhleb
Nemelex Xobeh
Okawaru
Qazlal
Ru
Sif Muna
Trog
Uskayaw
Vehumet
Wu Jian
Xom
Yredelemnul
Zin
The Shining One

Shops:
D:3 [!   D:4 [(:

Annotations:
D:3 Sigmund


Innate Abilities, Weirdness & Mutations

You cannot wear most types of armour.
You are amphibious.
You can wear up to eight rings at the same time.
Your skin changes colour to match your surroundings (Stealth+).
Your rubbery body absorbs attacks. (AC +1, EV +1)
((You are camouflaged when in or above water. (Stealth+)))
You have tentacles for arms and can constrict up to eight enemies at once.


Message History

Your weapon exudes an aura of protection.
You squeeze the polar bear, but do no damage.
The polar bear misses you.
The polar bear claws you but does no damage.
The polar bear claws you.
You take 2 damage, and have 59/73 hp.
You hit the polar bear. The polar bear bites you!
The polar bear closely misses you. The polar bear completely misses you.
You take 7 damage, and have 52/73 hp.
You barely miss the polar bear. You block the polar bear's attack.
The polar bear claws you but does no damage.
The polar bear misses you.
You hit the polar bear. The polar bear closely misses you. x2
The polar bear claws you but does no damage.
You closely miss the polar bear.
You tentacle-slap the polar bear, but do no damage.
You squeeze the polar bear.
The polar bear bites you but does no damage.
You block the polar bear's attack. The polar bear barely misses you.
You barely miss the polar bear. Your squeeze misses the polar bear.
The polar bear barely misses you.
The polar bear claws you but does no damage.
The polar bear closely misses you.
You barely miss the polar bear. Your squeeze misses the polar bear.
The polar bear bites you!
The polar bear claws you but does no damage. x2
You take 13 damage, and have 41/73 hp.
You barely miss the polar bear. The polar bear misses you.
The polar bear claws you but does no damage.
The polar bear closely misses you.
You hit the polar bear but do no damage.
Your weapon exudes an aura of protection.
You squeeze the polar bear, but do no damage.
You block the polar bear's attack.
The polar bear claws you but does no damage.
The polar bear misses you. The polar bear barely misses you.
The polar bear claws you but does no damage.
The polar bear misses you.
You barely miss the polar bear. Your squeeze misses the polar bear.
The polar bear barely misses you. x2; The polar bear closely misses you.
You hit the polar bear but do no damage.
You squeeze the polar bear! The polar bear bites you.
The polar bear claws you but does no damage.
You block the polar bear's attack.
You take 6 damage, and have 36/73 hp.
You hit the polar bear but do no damage.
Your squeeze misses the polar bear. The polar bear closely misses you. x2
The polar bear completely misses you.
You hit the polar bear. Your squeeze misses the polar bear.
You block the polar bear's attack. The polar bear claws you.
The polar bear misses you.
You take 1 damage, and have 36/73 hp.
You hit the polar bear.
The polar bear goes berserk!
You hit the polar bear. The polar bear barely misses you.
You block the polar bear's attack.
The polar bear claws you but does no damage.
The polar bear closely misses you.
The polar bear claws you but does no damage.
You block the polar bear's attack.
You completely miss the polar bear.
You squeeze the polar bear, but do no damage.
The polar bear bites you!
* * * LOW HITPOINT WARNING * * *
You block the polar bear's attack. The polar bear barely misses you.
You take 16 damage, and have 21/73 hp.
MASSIVE DAMAGE!!
You barely miss the polar bear. You block the polar bear's attack.
The polar bear claws you but does no damage.
The polar bear barely misses you. The polar bear misses you.
The polar bear completely misses you. The polar bear claws you.
* * * LOW HITPOINT WARNING * * *
You take 1 damage, and have 20/73 hp.
You hit the polar bear. You block the polar bear's attack.
The polar bear claws you but does no damage.
The polar bear misses you. The polar bear bites you!
* * * LOW HITPOINT WARNING * * *
The polar bear barely misses you. You block the polar bear's attack.
You take 10 damage, and have 10/73 hp.
You feel much better. The polar bear bites you!
* * * LOW HITPOINT WARNING * * *
The polar bear claws you but does no damage. x2
You regained 11 hp, and now have 21/73 hp.
You thump the polar bear! You block the polar bear's attack.
The polar bear claws you but does no damage. x2
The polar bear bites you.
* * * LOW HITPOINT WARNING * * *
The polar bear claws you but does no damage.
The polar bear completely misses you.
You take 4 damage, and have 17/73 hp.
You hit the polar bear but do no damage.
You squeeze the polar bear. The polar bear bites you!
* * * LOW HITPOINT WARNING * * *
The polar bear completely misses you. You block the polar bear's attack.
You take 9 damage, and have 8/73 hp.
You closely miss the polar bear. The polar bear closely misses you.
You block the polar bear's attack. The polar bear completely misses you.
The polar bear bites you!
You die...
Your body crumbles into a pile of gold.

...# #.# #.....# #. ##.#
#.# #.....# #. #.# #.#
#.....# #. #.#
##.###....## #. #.#
#...##.########## #. #.#
###.#.##.## #.....# #.
#.######...#.....###.....#
##
#........#####...........#
########...#..h@.###.....#
#.#.#.##.## #.....#
#.#...##.# ###.###
#.######.######.# ######
#.............<.## #.....
#..#####..####..[###.####
#.............)......#
##.######.##.......######
#.# #.............>....


You could see a polar bear (berserk).

Vanquished Creatures
  Joseph (D:7)
  A rime drake (D:8)
  A hornet (D:7)
  Prince Ribbit (D:7)
  2 water moccasins
  Duvessa (D:7)
  4 ice beasts
  2 orc warriors (D:6)
  2 sky beasts (D:7)
  2 phantoms (D:5)
  A bullfrog (D:4)
  A kobold brigand (D:6)
  3 scorpions
  Dowan (D:7)
  3 hounds
  A gnoll bouda (D:7)
  An orc priest (D:4)
  2 sleepcaps
  2 iguanas (D:5)
  6 orc wizards
  7 gnolls
  7 adders
  4 shadow imps
  3 white imps
  7 ufetubi
  A worm (D:2)
  6 dart slugs
  24 orcs
  7 ball pythons
  4 bats
  6 endoplasms (D:1)
  3 giant cockroaches
  4 goblins
  4 hobgoblins
  3 jackals (D:3)
  13 kobolds
  A quokka (D:3)
  4 frilled lizards
  6 rats
152 creatures vanquished.

Notes
Turn   | Place    | Note
-------+----------+-------------------------------------------
     0 | D:1      | sokol815 the Octopode Brigand began the quest for the Orb.
     0 | D:1      | Reached XP level 1. HP: 14/14 MP: 1/1
   319 | D:1      | Reached XP level 2. HP: 13/19 MP: 2/2
   602 | D:1      | Reached XP level 3. HP: 12/25 MP: 3/3
   725 | D:1      | You fall into a shaft and drop 1 floor!
  1133 | D:2      | Reached skill level 2 in Dodging
  1386 | D:2      | Reached XP level 4. HP: 30/30 MP: 4/4
  1605 | D:3      | Reached skill level 3 in Fighting
  1607 | D:3      | Reached skill level 3 in Short Blades
  1738 | D:3      | Found a faded altar of an unknown god.
  1768 | D:3      | Noticed Sigmund
  1800 | D:3      | Found Meiledgh's Antique Armour Shoppe.
  2035 | D:3      | Found a stormy altar of Qazlal.
  2253 | D:4      | Noticed a phantom
  2255 | D:4      | Noticed a bullfrog
  2263 | D:4      | HP: 4/31 [phantom (7)]
  2267 | D:5      | Entered Level 5 of the Dungeon
  2270 | D:5      | Reached XP level 5. HP: 6/36 MP: 5/5
  2394 | D:5      | Killed a phantom
  2395 | D:5      | Reached skill level 3 in Dodging
  2425 | D:4      | Reached skill level 4 in Fighting
  2425 | D:4      | Reached XP level 6. HP: 43/43 MP: 6/6
  2612 | D:4      | Reached skill level 4 in Dodging
  2677 | D:4      | Found a blossoming altar of Fedhas.
  2708 | D:4      | Found Genta's Book Shoppe.
  2709 | D:4      | Found Icygumat's Antique Weapon Shoppe.
  2720 | D:4      | Found Wesah's Antique Armour Shoppe.
  2932 | D:3      | Found Culets's Distillery.
  3096 | D:5      | Reached skill level 5 in Fighting
  3096 | D:5      | Reached XP level 7. HP: 26/50 MP: 7/7
  3102 | D:5      | Reached skill level 1 in Maces & Flails
  3625 | D:5      | Found a shimmering altar of Xom.
  3625 | D:5      | Found a shimmering altar of Xom.
  3626 | D:5      | Found a shimmering altar of Xom.
  3696 | D:5      | Reached skill level 2 in Maces & Flails
  3924 | D:5      | Reached skill level 5 in Dodging
  4113 | D:5      | Found a staircase to the Ecumenical Temple.
  4117 | Temple   | Entered the Ecumenical Temple
  4128 | Temple   | Became a worshipper of Gozag Ym Sagoz the Greedy
  4147 | D:5      | Found a bloodstained altar of Trog.
  4443 | D:6      | Reached XP level 8. HP: 46/57 MP: 8/8
  4446 | D:6      | Reached skill level 3 in Maces & Flails
  4452 | D:6      | Reached skill level 6 in Fighting
  4641 | D:4      | Bought an embroidered hat for 112 gold pieces
  4744 | D:6      | Found a sacrificial altar of Ru.
  4766 | D:6      | Reached skill level 6 in Dodging
  4817 | D:6      | Reached skill level 7 in Fighting
  5094 | D:6      | Paralysed by an orc wizard for 4 turns
  5139 | D:6      | Reached skill level 7 in Dodging
  5378 | D:7      | Noticed Joseph
  5388 | D:7      | Killed Joseph
  5389 | D:7      | Reached skill level 4 in Maces & Flails
  5389 | D:7      | Reached XP level 9. HP: 48/64 MP: 9/9
  5462 | D:7      | Noticed Prince Ribbit
  5476 | D:7      | Killed Prince Ribbit
  5533 | D:7      | Noticed a hornet
  5538 | D:7      | Paralysed by a hornet for 3 turns
  5540 | D:7      | Killed a hornet
  5541 | D:7      | Reached skill level 5 in Maces & Flails
  5717 | D:7      | Reached skill level 8 in Fighting
  5950 | D:7      | Noticed Duvessa
  5964 | D:7      | Noticed Dowan
  5967 | D:7      | Killed Duvessa
  5972 | D:7      | Killed Dowan
  5973 | D:7      | Reached skill level 6 in Maces & Flails
  6248 | D:7      | Noticed a hornet
  6249 | D:7      | Paralysed by a hornet for 3 turns
  6252 | D:7      | HP: 12/66 [poisoned by a hornet]
  6489 | D:7      | Reached skill level 8 in Dodging
  6721 | D:7      | Found a glowing golden altar of the Shining One.
  6938 | D:8      | Reached skill level 1 in Ice Magic
  6944 | D:8      | Noticed a rime drake
  6945 | D:8      | Noticed a polar bear
  6948 | D:8      | Noticed a polar bear
  6949 | D:8      | Found a staircase to the Lair.
  6953 | D:8      | Killed a rime drake
  6954 | D:8      | Reached skill level 2 in Ice Magic
  6954 | D:8      | Reached XP level 10. HP: 64/73 MP: 10/10
  6981 | D:7      | HP: 10/73 [polar bear (11)]
  6985 | D:7      | Mangled by a polar bear

Illustrated notes

Levels and vault maps discovered:
D:1:      dpeg_arrival_tiny_b, layout_loops_corners, chequers_avenue
D:2:      layout_basic, corexii_hall_statues_i
D:3:      layout_basic, mainiacjoe_overflow_tiny_flanked, serial_shops, shop,
          shop, shapermc_ecumenical_altar_totnotflames, st_stairs_5,
          uniq_sigmund, uniq_crazy_yiuf_cottage
D:4:      layout_basic, mainiacjoe_overflow_catwalk,
          nicolae_shop_distant_corner_stores
D:5:      layout_loops_cross, xom_redecorated, trog_antimagical, temple_statues,
          corexii_checkpoint, minmay_strange_pillars
D:6:      layout_rooms, lemuel_doored_altar, serial_demonic, serial_demonic_g,
          serial_demonic_c, serial_demonic_b, serial_demonic_g
D:7:      layout_loops_ring, tso_altar, uniq_prince_ribbit1, uniq_joseph,
          uniq_duvessa
D:8:      layout_loops_cross, hellmonk_lair_entry_icy, serial_shops, shop
Temple:   nicolae_temple_bog_church

Skill      XL: |  1  2  3  4  5  6  7  8  9 |
---------------+----------------------------+-----
Dodging        | 2 3 4 5 7 8 |  8.3
Fighting       | 3 4 5 7 8 |  8.6
Short Blades   | 3 |  3.1
Maces & Flails | 2 4 6 |  6.0
Ice Magic      | 2 |  2.4
Throwing       | |  2.0
Stealth        | |  5.3

Action                     |  1- 3 |  4- 6 |  7- 9 | 10-12 || total
---------------------------+-------+-------+-------+-------++-------
  Melee: Dagger            |    41 |    41 |     1 |       ||    83
         Tentacles         |     6 |    26 |    56 |     6 ||    94
         Constrict         |     7 |    33 |    42 |       ||    82
         Flail             |       |    73 |   230 |    21 ||   324
         Punch             |       |     1 |     6 |     1 ||     8
  Throw: Dart              |       |       |    22 |       ||    22
  Evoke: Wand              |       |       |     9 |       ||     9
    Use: Scroll            |     6 |     6 |     6 |       ||    18
         Potion            |       |       |     2 |     1 ||     3
   Stab: Sleeping          |    11 |     8 |     6 |       ||    25
         Distracted        |     1 |       |     2 |       ||     3
         Paralysed         |       |       |     1 |       ||     1
 Armour: Skin              |    11 |    60 |   111 |    35 ||   217
  Dodge: Dodged            |    13 |    69 |   151 |    36 ||   269
  Block: Other             |     2 |    30 |    62 |    14 ||   108
         Reflection        |       |       |     4 |       ||     4

Table legend: (Time is in decaauts)
 A = Elapsed time spent in this place.
 B = Non-inter-level travel time spent in this place.
 C = Inter-level travel time spent in this place.
 D = Time resting spent in this place.
 E = Time spent auto-exploring this place.
 F = Levels seen in this place.
 G = Mean time per level.
                   A        B        C        D        E       F      G
               +--------+--------+--------+--------+--------+-----+--------+
         Total |   7067 |   6423 |    644 |    658 |   4205 |   9 |  785.2 |
       Dungeon |   7044 |   6421 |    623 |    658 |   4205 |   8 |  880.5 |
        Temple |     22 |      1 |     21 |      0 |      0 |   1 |   22.0 |
               +--------+--------+--------+--------+--------+-----+--------+

Top non-repeatable levels by time:
     D:7: 1295 daAuts
     D:6: 1285 daAuts
     D:5: 1191 daAuts
     D:1: 943 daAuts
     D:3: 924 daAuts
     D:2: 675 daAuts
     D:4: 647 daAuts
     D:8: 79 daAuts
  Temple: 22 daAuts

Levels and vault maps discovered:
D:1:      dpeg_arrival_tiny_b, layout_loops_corners, chequers_avenue
D:2:      layout_basic, corexii_hall_statues_i
D:3:      layout_basic, mainiacjoe_overflow_tiny_flanked, serial_shops, shop,
          shop, shapermc_ecumenical_altar_totnotflames, st_stairs_5,
          uniq_sigmund, uniq_crazy_yiuf_cottage
D:4:      layout_basic, mainiacjoe_overflow_catwalk,
          nicolae_shop_distant_corner_stores
D:5:      layout_loops_cross, xom_redecorated, trog_antimagical, temple_statues,
          corexii_checkpoint, minmay_strange_pillars
D:6:      layout_rooms, lemuel_doored_altar, serial_demonic, serial_demonic_g,
          serial_demonic_c, serial_demonic_b, serial_demonic_g
D:7:      layout_loops_ring, tso_altar, uniq_prince_ribbit1, uniq_joseph,
          uniq_duvessa
D:8:      layout_loops_cross, hellmonk_lair_entry_icy, serial_shops, shop
Temple:   nicolae_temple_bog_church

Table legend: (Time is in decaauts)
 A = Elapsed time spent in this place.
 B = Non-inter-level travel time spent in this place.
 C = Inter-level travel time spent in this place.
 D = Time resting spent in this place.
 E = Time spent auto-exploring this place.
 F = Levels seen in this place.
 G = Mean time per level.
                   A        B        C        D        E       F      G
               +--------+--------+--------+--------+--------+-----+--------+
         Total |   7067 |   6423 |    644 |    658 |   4205 |   9 |  785.2 |
       Dungeon |   7044 |   6421 |    623 |    658 |   4205 |   8 |  880.5 |
        Temple |     22 |      1 |     21 |      0 |      0 |   1 |   22.0 |
               +--------+--------+--------+--------+--------+-----+--------+

Top non-repeatable levels by time:
     D:7: 1295 daAuts
     D:6: 1285 daAuts
     D:5: 1191 daAuts
     D:1: 943 daAuts
     D:3: 924 daAuts
     D:2: 675 daAuts
     D:4: 647 daAuts
     D:8: 79 daAuts
  Temple: 22 daAuts

Table legend:
 A = Kills in this place as a percentage of kills in the entire game.
 B = Kills by you in this place as a percentage of kills by you in the entire game.
 C = Kills by friends in this place as a percentage of kills by friends in the entire game.
 D = Other kills in this place as a percentage of other kills in the entire game.
 E = Experience gained in this place as a percentage of experience gained in the entire game.
 F = Experience gained in this place divided by the number of levels of this place that you have seen.
                   A       B       C       D       E      F
               +-------+-------+-------+-------+-------+----------------------
         Total | 100.0 | 100.0 |   N/A |   N/A | 100.0 | 519.3
       Dungeon | 100.0 | 100.0 |   N/A |   N/A | 100.0 | 584.2
               +-------+-------+-------+-------+-------+----------------------
